 Dungeon Crawl Stone Soup version 0.28-a0-381-g937acc2988 (webtiles) character file.

Game seed: 12282643290729536117

47 Spaninq the Slasher (level 3, 0/34 HPs)
             Began as a Naga Berserker on Sept 1, 2021.
             Was a Believer of Trog.
             Slain by an ogre (29 damage)
             ... on level 5 of the Dungeon.
             The game lasted 00:05:17 (2015 turns).

Spaninq the Slasher (Naga Berserker)                Turns: 2015, Time: 00:05:18

Health: 0/34       AC:  7    Str: 20    XL:     3   Next: 70%
Magic:  3/3        EV:  5    Int:  7    God:    Trog [**....]
Gold:   82         SH:  0    Dex: 10    Spells: 2/2 levels left

rFire   . . .      SeeInvis +   a - +0 falchion
rCold   . . .      Faith    .   (no shield)
rNeg    . . .      Spirit   .   d - +0 chain mail
rPois   +          Reflect  .   f - +1 helmet
rElec   .          Harm     .   (no cloak)
rCorr   .          Rampage  .   (no gloves)
Will    .....                   (no barding)
Stlth   ..........              (no amulet)
HPRegen 0.11/turn               (no ring)
MPRegen 0.08/turn               (no ring)

@: about to teleport, short of breath, weak-willed, very slow
A: AC +1, large, see invisible, deformed body, poison resistance, slowness 2,
spit poison 1, naga tail 1
a: Spit Poison, Renounce Religion, Berserk, Trog's Hand


You were on level 5 of the Dungeon.
You worshipped Trog.
Trog was pleased with you.
You visited 1 branch of the dungeon, and saw 4 of its levels.

You collected 82 gold pieces.

Inventory:

Hand Weapons
 a - a +0 falchion (weapon)
Armour
 d - a +0 chain mail (worn)
 f - a +1 helmet (worn)
Scrolls
 b - a scroll of noise {unknown}
 e - a scroll of magic mapping {unknown}
Potions
 c - a potion of berserk rage {unknown}
 h - a potion of attraction {unknown}
 k - a potion of curing {unknown}
 l - a potion of lignification {unknown}


   Skills:
 + Level 3.4 Fighting
 * Level 3.9 Long Blades
 + Level 2.1 Armour
 - Level 1.5 Dodging


You had 2 spell levels left.
You didn't know any spells.
Your spell library was empty.

Dungeon Overview and Level Annotations

Branches:
Dungeon (3/15)

Altars:

Shops:
D:2 ?

Annotations:
D:3 Grinder
D:5 Ijyb


Innate Abilities, Weirdness & Mutations

Your serpentine skin is tough. (AC +1)
You have supernaturally acute eyesight. (SInv)
Armour fits poorly on your strangely shaped body.
Your system is resistant to poisons. (rPois)
You cover ground very slowly.
You can spit poison.
You have a snake-like lower body.


Message History

You can now call upon Trog for regeneration and willpower.
There is a stone staircase leading down here.
You climb downwards.
Level annotation: Grinder
There is a stone staircase leading up here.
A bat comes into view.
The bat hits you but does no damage.
Press: ? - help, Shift-Dir - straight line, f - bat
Aim: a bat You fail to use your ability.
The bat barely misses you.
You miss the bat. The bat hits you but does no damage. x2
You barely miss the bat. The bat hits you but does no damage.
You miss the bat. The bat hits you but does no damage.
The bat completely misses you.
You barely miss the bat. The bat hits you but does no damage. x3
You hit the bat.
You kill the bat!
Trog accepts your kill.
You fall into a shaft and drop 2 floors!
The shaft crumbles and collapses.
A hound, an ogre and Ijyb come into view.
Ijyb is wielding a +0 dagger and carrying a wand of acid (5).
Ijyb shouts!
Found a gold wand and a pink potion.
Found an escape hatch in the floor.
Press: ? - help, Shift-Dir - straight line, f - Ijyb
Aim: Ijyb, wielding a +0 dagger, wearing a +0 leather armour and carrying a wand of acid (5)
The splash of poison misses Ijyb.
As you read the scroll labelled TYOTI YRURO, it crumbles to dust.
It is a scroll of enchant armour.
Your +0 helmet glows green for a moment.
The hound bites you. The hound bites you but does no damage.
As you read the scroll labelled ROAH GOLEW OBLOEG, it crumbles to dust.
Magic quickly surges around you.
It was a scroll of vulnerability.
The ogre hits you but does no damage. The hound bites you but does no damage.
As you read the scroll labelled DOSHRI POVVUDD, it crumbles to dust.
You feel strangely unstable.
It was a scroll of teleportation.
The hound bites you.
The ogre hits you with a +0 giant spiked club!!
Ouch! That really hurt!
You die...

#...## #..... #
#####....####..
.........!.....
.............
.........
#>...####..
#..@O.....#
#.hg.######
#../....#
#.......#
##....#.#
#.......
#.####.## #. .#


You could see an ogre (weak-willed), Ijyb (weak-willed) and a hound
(weak-willed).

Vanquished Creatures
  A worm (D:2)
  2 dart slugs
  3 ball pythons (D:1)
  4 bats
  7 endoplasms
  2 giant cockroaches
  A goblin (D:2)
  2 hobgoblins
  2 jackals (D:2)
  3 quokkas (D:1)
  4 frilled lizards
  2 kobolds (D:1)
  4 rats
37 creatures vanquished.

Notes
Turn   | Place    | Note
-------+----------+-------------------------------------------
     0 | D:1      | Spaninq the Naga Berserker began the quest for the Orb.
     0 | D:1      | Reached XP level 1. HP: 21/21 MP: 1/1
   407 | D:1      | Reached XP level 2. HP: 19/28 MP: 2/2
  1373 | D:2      | Reached XP level 3. HP: 34/34 MP: 3/3
  1449 | D:2      | Found Engoff's Magic Scroll Emporium.
  1969 | D:3      | Noticed Grinder
  1979 | D:2      | Reached ** piety under Trog
  2011 | D:3      | You fall into a shaft and drop 2 floors!
  2011 | D:5      | Entered Level 5 of the Dungeon
  2011 | D:5      | Noticed Ijyb
  2011 | D:5      | Noticed an ogre
  2015 | D:5      | Slain by an ogre

Illustrated notes

Levels and vault maps discovered:
D:1:      dpeg_arrival_fog, layout_basic, serial_glass, glass_columns_b,
          glass_columns_b, glass_columns_b, glass_columns_a, glass_columns_b
D:2:      layout_rooms, serial_shops, nicolae_shop_competitors_out_of_business,
          st_stairs_5, kennysheep_generic_room_10
D:3:      layout_basic, uniq_grinder
D:5:      layout_loops_cross, kennysheep_little_box, uniq_ijyb

Skill      XL: |  1  2  3 |
---------------+----------+-----
Armour         | 2 |  2.1
Fighting       | |  3.4
Long Blades    | |  3.9
Dodging        | |  1.5

Action                   || total
-------------------------++-------
Melee: Falchion          ||    54
 Abil: Spit Poison       ||    41
  Use: Scroll            ||     3
Armor: Chain mail        ||    28
       Animal skin       ||     1
Dodge: Dodged            ||    13

Table legend: (Time is in decaauts)
 A = Elapsed time spent in this place.
 B = Non-inter-level travel time spent in this place.
 C = Inter-level travel time spent in this place.
 D = Time resting spent in this place.
 E = Time spent auto-exploring this place.
 F = Levels seen in this place.
 G = Mean time per level.
                   A        B        C        D        E       F      G
               +--------+--------+--------+--------+--------+-----+--------+
         Total |   2553 |   2476 |     77 |    271 |   1751 |   4 |  638.2 |
       Dungeon |   2553 |   2476 |     77 |    271 |   1751 |   4 |  638.2 |
               +--------+--------+--------+--------+--------+-----+--------+

Top non-repeatable levels by time:
     D:1: 1721 daAuts
     D:2: 785 daAuts
     D:3: 43 daAuts
     D:5: 4 daAuts
